[Event "*** SCC Grand Prix: Titled Tuesday Blitz"]
[Site "Chess.com"]
[Date "2020.08.11"]
[Round "3"]
[White "PauloCesarCosta_sad"]
[Black "Brave_spirit12"]
[Result "0-1"]
[WhiteElo "2249"]
[BlackElo "2508"]
[TimeControl "180+1"]
[EndTime "10:28:33 PDT"]
[Termination "Brave_spirit12 won on time"]

1. Nf3 d5 2. d4 Nf6 3. c4 c6 4. Nc3 g6 5. e3 Bg7 6. Be2 O-O 7. O-O a6 8. cxd5 cxd5 9. a4 Nc6 10. Bd2 Bf5 11. Nh4 Be6 12. Nf3 Rc8 13. Rc1 Qb6 14. Rb1 Bf5 15. Ra1 Qxb2 16. Ne5 Nxe5 17. dxe5 Ne4 18. Nxe4 Bxe4 19. f3 Bf5 20. g4 Bc2 21. Qc1 Qxe5 22. Ra2 Bb3 23. Qa3 Bxa2 24. Qxa2 Rc7 25. f4 Qd6 26. Bf3 e6 27. g5 Rfc8 28. Ba5 Rc2 29. Qb1 Qa3 30. Qe1 Rc1 31. Qf2 Rxf1+ 32.
Kxf1 Rc1+ 33. Kg2 Qxa4 34. Be1 Rc2 35. Kg3 Rxf2 36. Bxf2 Qc2 37. h3 a5 38. h4 a4 39. h5 gxh5 40. Bxh5 a3 41. Kf3 Qd1+ 42. Kg2 Qxh5 43. Bg3 a2 44. g6 a1=Q 45. gxf7+ Kxf7 46. f5 Qb2+ 47. Bf2 Qxf5 48. Kh1 Qfxf2 0-1

[Event "*** SCC Grand Prix: Titled Tuesday Blitz"]
[Site "Chess.com"]
[Date "2020.08.11"]
[Round "3"]
[White "FMJoseHerrera"]
[Black "lilleper1"]
[Result "1-0"]
[WhiteElo "2521"]
[BlackElo "2746"]
[TimeControl "180+1"]
[EndTime "10:28:35 PDT"]
[Termination "FMJoseHerrera won by resignation"]

1. Nf3 Nf6 2. g3 c5 3. Bg2 d5 4. O-O g6 5. c4 d4 6. b4 cxb4 7. a3 b3 8. Qxb3 Nc6 9. e3 dxe3 10. fxe3 Bg7 11. d4 O-O 12. Nbd2 Rb8 13. Bb2 b6 14. e4 e6 15. d5 Na5 16. Qd3 Ba6 17. Rac1 exd5 18.
exd5 b5 19. Bxf6 Qxf6 20. Ne4 Qd8 21. c5 Nc4 22. d6 Bb7 23. Nd4 a6 24. c6 Bxc6 25.
Nxc6 Qb6+ 26. Kh1 Ne3 27. Nxb8 Nxf1 28. Nd7 Qe3 29. Qxe3 1-0

[Event "*** SCC Grand Prix: Titled Tuesday Blitz"]
[Site "Chess.com"]
[Date "2020.08.11"]
[Round "3"]
[White "GM_Levan_Pantsulaia"]
[Black "M1711"]
[Result "1-0"]
[WhiteElo "2795"]
[BlackElo "2447"]
[TimeControl "180+1"]
[EndTime "10:28:35 PDT"]
[Termination "GM_Levan_Pantsulaia won on time"]

1. Nf3 c5 2. c4 Nc6 3. Nc3 g6 4. e3 Nf6 5. d4 cxd4 6. exd4 d5 7. cxd5 Nxd5 8. Qb3 e6 9. Bb5 Bg7 10. O-O O-O 11.
Bxc6 bxc6 12. Na4 Qd6 13. Bd2 Rb8 14. Qc2 Nb4 15. Bxb4 Rxb4 16. a3 Rb5 17. Rfd1 Rd8 18. h3 Rf5 19. Ne5 Bd7 20. Nc5 Be8 21. Nb7 Qd5 22.
Nxd8 Qxd8 23. Nxc6 Qh4 24. Ne5 Bxe5 25. dxe5 Ba4 26. Qc8+ Kg7 27. Rd2 Rg5 28. Qc3 Qe4 29.
f3 Qh4 30. Qd4 Qxd4+ 31. Rxd4 Bc6 32. Kf2 Rxe5 33. Rc1 Bb5 34. Rc2 a5 35. a4 Be8 36.
Rc8 Kf8 37. Rdd8 1-0

[Event "*** SCC Grand Prix: Titled Tuesday Blitz"]
[Site "Chess.com"]
[Date "2020.08.11"]
[Round "3"]
[White "XiaoKangZhong"]
[Black "wannabe2700"]
[Result "0-1"]
[WhiteElo "2419"]
[BlackElo "2662"]
[TimeControl "180+1"]
[EndTime "10:28:36 PDT"]
[Termination "wannabe2700 won on time"]

1. e4 c6 2. d4 d5 3. e5 Bf5 4. h4 h5 5. Nf3 e6 6. Bd3 Bg4 7. c4 Bb4+ 8. Nc3 Ne7 9. a3 Bxc3+ 10. bxc3 Nd7 11. Bd2 c5 12. Bg5 Qa5 13. Qd2 Bxf3 14. gxf3 dxc4 15. Bxc4 Nb6 16. Bb3 Nf5 17. Be3 O-O-O 18.
Ra2 Rd7 19. Kf1 Rhd8 20. Kg2 cxd4 21. cxd4 Qxd2 22. Rxd2 Nxd4 23. Bxd4 Rxd4 24. Rc1+ Kb8 25. Rxd4 Rxd4 26. Bc2 Rc4 27. Kf1 Nd7 28. Ke2 Nxe5 29. f4 Rxf4 0-1

[Event "*** SCC Grand Prix: Titled Tuesday Blitz"]
[Site "Chess.com"]
[Date "2020.08.11"]
[Round "3"]
[White "Enriquack"]
[Black "DenishevM"]
[Result "0-1"]
[WhiteElo "2337"]
[BlackElo "2559"]
[TimeControl "180+1"]
[EndTime "10:28:36 PDT"]
[Termination "DenishevM won by resignation"]

1. e4 c5 2. Nf3 d6 3. d4 cxd4 4. Nxd4 Nf6 5. Nc3 a6 6. Bg5 Nbd7 7. Qe2 g6 8. O-O-O Bg7 9. f4 Qc7 10. Nd5 Nxd5 11. exd5 Nf6 12. f5 O-O 13. g4 Nxd5 14. Bg2 Nb4 15. a3 Nc6 16. Nxc6 bxc6 17. Qxe7 Qb6 18.
f6 Bh8 19. Rxd6 Bxg4 20. Re1 Qf2 21. Rd2 Qf5 22. h4 h6 23. Bxh6 Bxf6 24. Qd6 Rfe8 25. Rf1 Qe6 26. Qxe6 Rxe6 27. Rdf2 Bf5 28. Rxf5 gxf5 29. Rxf5 Bxb2+ 30. Kxb2 Rxh6 31. h5 Kg7 32. Bf3 Rf6 0-1

[Event "*** SCC Grand Prix: Titled Tuesday Blitz"]
[Site "Chess.com"]
[Date "2020.08.11"]
[Round "3"]
[White "Alberquintin"]
[Black "peixe64"]
[Result "1-0"]
[WhiteElo "2544"]
[BlackElo "2315"]
[TimeControl "180+1"]
[EndTime "10:28:37 PDT"]
[Termination "Alberquintin won by resignation"]

1. c4 Nf6 2. Nf3 g6 3. g3 Bg7 4. Bg2 O-O 5. O-O c6 6. b3 d5 7.
Bb2 Nbd7 8. d3 Re8 9. Nc3 e5 10.
cxd5 cxd5 11. Nb5 Qb6 12. Nc3 e4 13. dxe4 dxe4 14. Ng5 e3 15. f4 h6 16. Nf3 Nc5 17.
Nd5 Nxd5 18. Bxg7 Kxg7 19. Qxd5 Be6 20. Qd4+ Kg8 21. Rac1 Rac8 22. Ne5 a5 23. Nc4 Bxc4 24. Rxc4 Qa7 25. f5 g5 26. Qf6 Qa6 27. Qxa6 Nxa6 28.
Rxc8 Rxc8 29. Bxb7 Rc2 30. Bxa6 Rxa2 31. Bc4 Rc2 32.
Ra1 Kg7 33. Rxa5 Kf6 34. g4 h5 35. h3 h4 36. Kg2 Rc1 37. Ra6+ Ke5 38. Bxf7 Rc2 39.
Bc4 Kf4 40. f6 Rc1 41. f7 Rf1 42. f8=Q+ Ke5 43. Qxf1 1-0

[Event "*** SCC Grand Prix: Titled Tuesday Blitz"]
[Site "Chess.com"]
[Date "2020.08.11"]
[Round "3"]
[White "abykhovsky"]
[Black "amatatanav"]
[Result "1-0"]
[WhiteElo "2737"]
[BlackElo "2449"]
[TimeControl "180+1"]
[EndTime "10:28:38 PDT"]
[Termination "abykhovsky won on time"]

1. d4 Nf6 2. Nf3 e6 3. c4 d5 4. Nc3 Be7 5. Bg5 h6 6. Bh4 O-O 7. e3 b6 8. Rc1 Bb7 9. Bxf6 Bxf6 10. cxd5 exd5 11. b4 c6 12. Be2 Qd6 13. Qb3 Re8 14. O-O b5 15. a4 a6 16. Ne1 Be7 17. Nd3 Nd7 18. a5 Nf6 19. Nc5 Bc8 20. Nd1 Ne4 21. Nb2 Nd2 22. Qc2 Nxf1 23. Bxf1 Qf6 24. Bd3 Bd6 25.
Qd2 Qh4 26. g3 Qf6 27. Bf1 Bg4 28. Nb7 Bf8 29. Nd3 Bc8 30. Nbc5 h5 31. h4 g5 32.
hxg5 Qxg5 33. Ne5 Bd6 34. Ncd3 Bb7 35. Bh3 Kg7 36. Kh2 Rad8 37. f4 Qf6 38. Bd7 Re7 39.
Bxc6 Bxe5 40. fxe5 Qg6 41. Nf4 Qg5 42. Bxb7 Rxb7 43. Qf2 Rbd7 44. Rc6 Re8 45. Rxa6 Rf8 46. Rf6 Re8 47. Qf3 1-0

[Event "*** SCC Grand Prix: Titled Tuesday Blitz"]
[Site "Chess.com"]
[Date "2020.08.11"]
[Round "3"]
[White "IriBu"]
[Black "Margarita2907"]
[Result "1-0"]
[WhiteElo "2476"]
[BlackElo "2103"]
[TimeControl "180+1"]
[EndTime "10:28:38 PDT"]
[Termination "IriBu won by resignation"]

1. e4 c5 2. Nf3 d6 3. d4 cxd4 4. Nxd4 Nf6 5. Nc3 a6 6. h3 e5 7. Nb3 h5 8. f4 exf4 9. Bxf4 Nc6 10.
Qd2 Ne5 11. O-O-O Be7 12. Be2 Be6 13. Nd4 Qd7 14. g3 O-O-O 15. Nxe6 Qxe6 16. Qe3 Kb8 17. Rd2 Rc8 18. Nd5 Nxd5 19. exd5 Qf6 20. Bxa6 bxa6 21.
Qb6+ Ka8 22. Qxa6+ Kb8 23. Qb6+ Ka8 24. Be3 Nc6 25. dxc6 1-0

[Event "*** SCC Grand Prix: Titled Tuesday Blitz"]
[Site "Chess.com"]
[Date "2020.08.11"]
[Round "3"]
[White "Gareth-Bale11"]
[Black "Azatic"]
[Result "1-0"]
[WhiteElo "2785"]
[BlackElo "2529"]
[TimeControl "180+1"]
[EndTime "10:28:39 PDT"]
[Termination "Gareth-Bale11 won by resignation"]

1. d4 Nf6 2. Nf3 g6 3. Nbd2 d5 4. b4 Bg7 5. e3 O-O 6. Bb2 a5 7.
b5 a4 8. Ba3 Re8 9. Be2 Ne4 10.
Nxe4 dxe4 11. Nd2 e5 12. d5 Qxd5 13. Bc4 Qd8 14. Nxe4 Qh4 15. Qf3 Bf5 16. g4 Qxg4 17. Qxg4 Bxg4 18. Ng5 Be6 19. Nxe6 fxe6 20. O-O-O Bf8 21.
Bb2 Bd6 22. b6 Ra5 23. bxc7 Bxc7 24. Ba3 b5 25. Bd3 Ra6 26. Bxb5 Rc8 27. Bxa6 Nxa6 28. Rd7 Ba5 29. Rhd1 Bb4 30. Rd8+ Rxd8 31. Rxd8+ Kf7 32. Bxb4 Nxb4 33. c3 1-0

[Event "*** SCC Grand Prix: Titled Tuesday Blitz"]
[Site "Chess.com"]
[Date "2020.08.11"]
[Round "3"]
[White "Sacbutt"]
[Black "Rubinstein_Akiba"]
[Result "0-1"]
[WhiteElo "2210"]
[BlackElo "2440"]
[TimeControl "180+1"]
[EndTime "10:28:40 PDT"]
[Termination "Rubinstein_Akiba won by resignation"]

1. d4 Nf6 2. c4 e6 3. Nf3 d5 4. Nc3 Bb4 5. cxd5 exd5 6. Bd2 O-O 7. e3 Bf5 8. Be2 c5 9. O-O c4 10. Ne5 Nc6 11. a3 Bd6 12. f4 Na5 13. Qe1 Nb3 14.
Rd1 Bc2 15. g4 Bxd1 16. Bxd1 Nxd2 17. Qxd2 Bxe5 18. dxe5 Ne4 19. Qc2 Nc5 20. Bf3 d4 21. Rd1 Nd3 22. Nd5 dxe3 23. Nxe3 Qb6 24. Rxd3 cxd3 25. Qxd3 Rad8 26. Qe2 Rd4 27. Kg2 Rfd8 28. Nc4 Qa6 29. Nd6 Qxe2+ 30. Bxe2 Rxf4 31. Bc4 Rxd6 0-1

[Event "*** SCC Grand Prix: Titled Tuesday Blitz"]
[Site "Chess.com"]
[Date "2020.08.11"]
[Round "3"]
[White "UmbertoConcelli"]
[Black "profofchess"]
[Result "1-0"]
[WhiteElo "2707"]
[BlackElo "2430"]
[TimeControl "180+1"]
[EndTime "10:28:42 PDT"]
[Termination "UmbertoConcelli won by resignation"]

1. d4 Nf6 2. c4 e6 3. Nf3 c5 4. Nc3 cxd4 5. Nxd4 a6 6. a3 b6 7. e4 d6 8. Be2 Bb7 9. f3 Be7 10. O-O Nbd7 11. Be3 Qc7 12. Qd2 O-O 13. Rfc1 Rac8 14. b4 Qb8 15. Nb3 Bd8 16. Kh1 Bc7 17. Bg1 d5 18.
cxd5 Bf4 19. Be3 Bxh2 20. f4 Bg3 21. Bf3 exd5 22. e5 d4 23. Nxd4 Bxf3 24. gxf3 Nxe5 25. fxe5 Qxe5 26. Kg2 Bh4 27. Bf4 Qh5 28. Rh1 Qg6+ 29.
Kf1 Bg3 30. Rg1 Bxf4 31. Qxf4 Qd3+ 32. Nce2 Rfd8 33. Qxf6 g6 34. Kf2 Rc2 35. Nxc2 1-0

[Event "*** SCC Grand Prix: Titled Tuesday Blitz"]
[Site "Chess.com"]
[Date "2020.08.11"]
[Round "3"]
[White "ailime26"]
[Black "ViktoriyaTarasova"]
[Result "0-1"]
[WhiteElo "1887"]
[BlackElo "2264"]
[TimeControl "180+1"]
[EndTime "10:28:43 PDT"]
[Termination "ViktoriyaTarasova won by checkmate"]

1. e4 c5 2. Nf3 d6 3. d4 cxd4 4.
Nxd4 Nf6 5. Nc3 a6 6. Be3 e5 7.
Nb3 Be7 8. f3 Be6 9. Qd2 Nbd7 10. O-O-O O-O 11. g4 b5 12. h4 Rc8 13. h5 Nb6 14. g5 Nfd7 15. g6 Nc4 16. Qf2 Qc7 17. h6 fxg6 18. hxg7 Rf7 19. Bh6 Nxb2 20. Kxb2 Qxc3+ 21. Kb1 Nc5 22. Bd2 Nxe4 23. Qe1 Nxd2+ 24. Rxd2 Bg5 25.
Rg2 Qxe1+ 26. Kb2 Qc3+ 27. Kb1 Bxb3 28. axb3 Qe1+ 29. Kb2 Qc1+ 30. Ka2 Rxc2+ 31. Rxc2 Qxc2+ 32. Ka1 Be3 33. Bh3 Bd4# 0-1

[Event "*** SCC Grand Prix: Titled Tuesday Blitz"]
[Site "Chess.com"]
[Date "2020.08.11"]
[Round "3"]
[White "Shield12"]
[Black "GukeshDommaraju"]
[Result "1-0"]
[WhiteElo "2856"]
[BlackElo "2636"]
[TimeControl "180+1"]
[EndTime "10:28:45 PDT"]
[Termination "Shield12 won by resignation"]

1. e4 c5 2. Nf3 d6 3. Bb5+ Bd7 4. Bxd7+ Qxd7 5. c4 Nf6 6. Nc3 g6 7. d4 cxd4 8. Nxd4 Bg7 9. h3 O-O 10. Be3 Nc6 11.
O-O Rac8 12. b3 Rfd8 13. Qf3 Ng4 14. Nxc6 bxc6 15. hxg4 Bxc3 16. Rac1 Bg7 17. Rfd1 a5 18. Bb6 Re8 19. Bxa5 Ra8 20. b4 Qe6 21. a3 Be5 22. c5 Kg7 23. cxd6 Bxd6 24. g3 Be5 25. Rc5 f6 26. Kg2 Ra7 27. Rdc1 Rc8 28. Rd1 Bd6 29.
Rc2 c5 30. Bb6 cxb4 31. Rxc8 Rxa3 32. Rxd6 Qxd6 33. Be3 b3 34. Bc5 Qd7 35. Bxa3 Qxc8 36. Bxe7 Qe6 37. Ba3 Qc4 38. Bb2 Qe6 39. g5 1-0

[Event "*** SCC Grand Prix: Titled Tuesday Blitz"]
[Site "Chess.com"]
[Date "2020.08.11"]
[Round "3"]
[White "Andreikka"]
[Black "vova-79"]
[Result "1-0"]
[WhiteElo "2832"]
[BlackElo "2450"]
[TimeControl "180+1"]
[EndTime "10:28:45 PDT"]
[Termination "Andreikka won by resignation"]

1. c4 c6 2. Nf3 d5 3. d4 Nf6 4. e3 e6 5. Bd3 Nbd7 6. b3 Bb4+ 7. Nbd2 Ne4 8. O-O Nxd2 9. Bxd2 Bxd2 10. Qxd2 O-O 11.
e4 dxe4 12. Bxe4 c5 13. Rad1 Nf6 14. Bc2 b6 15. dxc5 Qxd2 16. Rxd2 bxc5 17. Ne5 Re8 18. Rfd1 h6 19. f3 Kf8 20. Kf2 Ke7 21. Ke3 Kf8 22.
b4 cxb4 23. Ba4 Bb7 24. Bxe8 Kxe8 25. Rb1 a5 26. a3 1-0

[Event "*** SCC Grand Prix: Titled Tuesday Blitz"]
[Site "Chess.com"]
[Date "2020.08.11"]
[Round "3"]
[White "Supernotar"]
[Black "FairChess_on_YouTube"]
[Result "0-1"]
[WhiteElo "2696"]
[BlackElo "2992"]
[TimeControl "180+1"]
[EndTime "10:28:46 PDT"]
[Termination "FairChess_on_YouTube won by checkmate"]

1. d4 Nf6 2. c4 e6 3. Nf3 d5 4. e3 a6 5. Nbd2 c5 6. dxc5 Bxc5 7. a3 O-O 8. b4 Ba7 9. Bb2 Nc6 10. Be2 d4 11. exd4 Nxd4 12. c5 Nxe2 13. Qxe2 b6 14. cxb6 Bxb6 15. Nc4 Bc7 16. O-O Bb7 17.
Rfd1 Qe7 18. Nce5 Rac8 19. Rac1 Bb8 20. h3 h6 21. Bd4 Rxc1 22. Rxc1 Rd8 23. Bb6 Rc8 24.
Rxc8+ Bxc8 25. Bc5 Qb7 26. Qd3 Nd5 27. Qd4 f6 28. Nc4 e5 29. Qd3 Be6 30. Na5 Qc8 31. Nd2 Nf4 32. Qe4 Bd5 33. Qc2 Bxg2 34. Ne4 Qxh3 35.
Ng3 Bd5 36. f3 Qxg3+ 37. Kf1 Qxf3+ 38. Bf2 Qh1+ 39. Bg1 Bg2+ 40. Kf2 Ba7+ 41. Kg3 Qh3# 0-1

[Event "*** SCC Grand Prix: Titled Tuesday Blitz"]
[Site "Chess.com"]
[Date "2020.08.11"]
[Round "3"]
[White "pandamaster3000"]
[Black "Grineva_Marianna"]
[Result "0-1"]
[WhiteElo "2396"]
[BlackElo "2198"]
[TimeControl "180+1"]
[EndTime "10:28:47 PDT"]
[Termination "Grineva_Marianna won by resignation"]

1. e4 d6 2. d4 Nf6 3. Nc3 g6 4. h3 a6 5. a4 Nc6 6. Nf3 e5 7. dxe5 Nxe5 8. Nxe5 dxe5 9. Qxd8+ Kxd8 10. Bg5 Be7 11.
O-O-O+ Bd7 12. Bc4 h6 13. Bxf6 Bxf6 14. Bxf7 Ke7 15. Bxg6 c6 16. Kb1 Rhg8 17. Bf5 Bxf5 18. exf5 Rxg2 19. Ne4 Rf8 20. Rd3 Bh4 21. Rhd1 Rxf5 22.
Rd7+ Kf8 23. Rxb7 Rf4 24. Nc5 Rfxf2 25. Rb8+ Kf7 26. Rd7+ Kg6 27. Rd6+ Kh5 28. Rh8 Bg5 29. Ne4 Rxc2 30. Nxg5 Kxg5 31. Rhxh6 Rxb2+ 32. Kc1 Rgc2+ 33. Kd1 Rd2+ 34. Rxd2 Rxd2+ 35. Kxd2 Kxh6 36. Ke3 c5 37. Ke4 c4 38. a5 Kg5 39. Kxe5 c3 40. Kd4 c2 0-1

[Event "*** SCC Grand Prix: Titled Tuesday Blitz"]
[Site "Chess.com"]
[Date "2020.08.11"]
[Round "3"]
[White "MF1966Idrisov"]
[Black "Morshynska"]
[Result "1-0"]
[WhiteElo "2378"]
[BlackElo "2172"]
[TimeControl "180+1"]
[EndTime "10:28:47 PDT"]
[Termination "MF1966Idrisov won by resignation"]

1. Nf3 d5 2. b3 Nf6 3. Bb2 Bf5 4. e3 e6 5. d4 h6 6. Bd3 Ne4 7. O-O Bd6 8. Nbd2 Nd7 9. Qe2 O-O 10.
Ne5 Nxd2 11. Qxd2 Bxd3 12. cxd3 Qe7 13. f4 Rad8 14. Rac1 c6 15. Rf3 Ba3 16. Rcf1 Bxb2 17. Qxb2 c5 18. f5 cxd4 19. Nxd7 Qxd7 20. Qxd4 exf5 21. Rxf5 b6 22. R5f3 f6 23. Rg3 Kh8 24. Qh4 d4 25. e4 Rfe8 26. Rf5 Re5 27. Rxf6 Rc8 28. Rxh6+ Kg8 29. Rh8+ Kf7 30. Qf4+ Ke6 31. Rg6+ Ke7 32. Rxg7+ 1-0

[Event "*** SCC Grand Prix: Titled Tuesday Blitz"]
[Site "Chess.com"]
[Date "2020.08.11"]
[Round "3"]
[White "Kislov_Oleg"]
[Black "Goryachkina"]
[Result "1/2-1/2"]
[WhiteElo "2368"]
[BlackElo "2577"]
[TimeControl "180+1"]
[EndTime "10:28:49 PDT"]
[Termination "Game drawn by repetition"]

1. e4 e6 2. d4 d5 3. Nc3 Bb4 4. exd5 exd5 5. Bd3 Nf6 6. Ne2 O-O 7. O-O c6 8. Bg5 Bg4 9. Qd2 Nbd7 10. Ng3 Re8 11. h3 Be6 12. f4 Nf8 13. f5 Bd7 14. Nh5 Be7 15. Nxg7 Kxg7 16. Bh6+ Kh8 17. Qg5 Ng6 18.
fxg6 hxg6 19. Rae1 Ng8 20. Rxf7 Bxg5 21. Bg7+ Kh7 22. Bf8+ Kh8 23. Bg7+ Kh7 24. Bf8+ Kh8 25. Bg7+ 1/2-1/2

[Event "*** SCC Grand Prix: Titled Tuesday Blitz"]
[Site "Chess.com"]
[Date "2020.08.11"]
[Round "3"]
[White "crescentmoon2411"]
[Black "albano87"]
[Result "0-1"]
[WhiteElo "2755"]
[BlackElo "2533"]
[TimeControl "180+1"]
[EndTime "10:28:50 PDT"]
[Termination "albano87 won by resignation"]

1. c4 e6 2. Nc3 d5 3. d4 Nf6 4. cxd5 exd5 5. Bg5 Nbd7 6. e3 Be7 7. Bd3 O-O 8. Nge2 c5 9. O-O h6 10. Bh4 b6 11.
Rc1 Bb7 12. Bg3 Ne4 13. Bxe4 dxe4 14. d5 Bf6 15. Qc2 Re8 16. Nxe4 Bxb2 17. Qxb2 Rxe4 18. Nc3 Re8 19. Nb5 Ba6 20. Rfd1 Bxb5 21. Qxb5 Nf6 22. Bh4 Qd6 23. Bxf6 Qxf6 24. h3 Rad8 25. Rc2 Re5 26. Rcd2 Rd6 27. Qc4 Qd8 28. e4 f5 29.
exf5 Rxf5 30. a4 Qe7 31. Re2 Qf7 32. Re6 Rfxd5 33. Rxd5 Qxe6 0-1

[Event "*** SCC Grand Prix: Titled Tuesday Blitz"]
[Site "Chess.com"]
[Date "2020.08.11"]
[Round "3"]
[White "baki83"]
[Black "The_Machine04"]
[Result "1-0"]
[WhiteElo "2728"]
[BlackElo "2251"]
[TimeControl "180+1"]
[EndTime "10:28:50 PDT"]
[Termination "baki83 won on time"]

1. e4 d6 2. d4 Nf6 3. Nc3 e5 4. Nge2 Nc6 5. h3 g6 6. g4 h5 7. g5 Nh7 8. Rg1 Be7 9. d5 Nb8 10. h4 Bg4 11. Qd3 Nd7 12. f3 Nc5 13. Qe3 Bd7 14. Bd2 f6 15. gxf6 Bxf6 16. O-O-O Qe7 17. Rxg6 O-O-O 18. b4 Na6 19. Qxa7 Be8 20. Rg1 Nb8 21. Ng3 Bd7 22. Nxh5 Bxh4 23. Rg7 Qe8 24.
Ng3 1-0

[Event "*** SCC Grand Prix: Titled Tuesday Blitz"]
[Site "Chess.com"]
[Date "2020.08.11"]
[Round "3"]
[White "okriak"]
[Black "Gulkov_Igor"]
[Result "1-0"]
[WhiteElo "2765"]
[BlackElo "2414"]
[TimeControl "180+1"]
[EndTime "10:28:50 PDT"]
[Termination "okriak won on time"]

1. Nf3 Nf6 2. c4 g6 3. Nc3 Bg7 4. e4 d6 5. d4 O-O 6. h3 c5 7. d5 b5 8. cxb5 a6 9. a4 Qa5 10. Bd2 Qb4 11. Qc2 axb5 12. Bxb5 Ba6 13. O-O Bxb5 14. axb5 Nbd7 15. Rfe1 Nb6 16. Ra6 Nc4 17.
Rea1 Rxa6 18. bxa6 Nxd2 19. Nxd2 Ra8 20. Ra2 Ne8 21. a7 Nc7 22. Ndb1 e6 23. Qa4 exd5 24. Qc6 d4 25. Qxc7 dxc3 26. Nxc3 Bxc3 27. Qc6 1-0

[Event "*** SCC Grand Prix: Titled Tuesday Blitz"]
[Site "Chess.com"]
[Date "2020.08.11"]
[Round "3"]
[White "ShapkinAnatoliy"]
[Black "2nd_life"]
[Result "1-0"]
[WhiteElo "2752"]
[BlackElo "2476"]
[TimeControl "180+1"]
[EndTime "10:28:51 PDT"]
[Termination "ShapkinAnatoliy won on time"]

1. d4 Nf6 2. c4 e6 3. g3 c5 4. d5 exd5 5. cxd5 d6 6. Nc3 g6 7. Nf3 Bg7 8. Bg2 O-O 9. O-O Re8 10. Nd2 a6 11. a4 Nbd7 12. h3 Rb8 13. Nc4 Ne5 14.
Na3 Nh5 15. e4 Qc7 16. g4 Nf6 17. f4 Nexg4 18. hxg4 Nxg4 19. f5 h5 20. Bg5 c4 21.
f6 Qc5+ 22. Kh1 Bf8 23. Qe2 b5 24. axb5 axb5 25. Nc2 Bd7 26. Ne3 b4 27. Ncd1 c3 28.
bxc3 bxc3 29. Rc1 Bb5 30. Qf3 Bxf1 31. Bxf1 Qd4 32. Bg2 Qd2 33. Rxc3 Rb1 34. Rc2 Rxd1+ 35. Qxd1 Nf2+ 36. Kg1 Qxe3 37. Bxe3 Nxd1 38. Bd4 Bh6 39. Re2 Bf4 40. Re1 1-0

[Event "*** SCC Grand Prix: Titled Tuesday Blitz"]
[Site "Chess.com"]
[Date "2020.08.11"]
[Round "3"]
[White "pavelalexandru07"]
[Black "pastouche06"]
[Result "0-1"]
[WhiteElo "2205"]
[BlackElo "2497"]
[TimeControl "180+1"]
[EndTime "10:28:51 PDT"]
[Termination "pastouche06 won by resignation"]

1. e4 c6 2. d4 d5 3. e5 Bf5 4.
Nf3 e6 5. Be2 Ne7 6. O-O Ng6 7.
Re1 Nd7 8. Bf1 f6 9. exf6 Qxf6 10. Bg5 Qf7 11. Nbd2 Bd6 12. h3 h6 13. Be3 O-O 14. c4 Nf4 15. Rc1 Nd3 16. Bxd3 Bxd3 17.
a3 Rae8 18. b4 Bb8 19. Qb3 Bf5 20. b5 Nb6 21. a4 dxc4 22. Qb4 cxb5 23. axb5 Nd5 24.
Qxc4 Nxe3 25. Rxe3 Bf4 26. Re2 Qg6 27. Nh4 Qg5 28.
Nxf5 Qxf5 29. Rd1 Rf6 30. Qb3 Rg6 31. Kh1 Rf8 32. Ne4 Bb8 33. d5 Qe5 34. g3 Qh5 35. h4 Qxe2 0-1

[Event "*** SCC Grand Prix: Titled Tuesday Blitz"]
[Site "Chess.com"]
[Date "2020.08.11"]
[Round "3"]
[White "Zq1"]
[Black "MVM2008"]
[Result "1-0"]
[WhiteElo "2501"]
[BlackElo "2213"]
[TimeControl "180+1"]
[EndTime "10:28:53 PDT"]
[Termination "Zq1 won on time"]

1. Nf3 Nf6 2. c4 d5 3. cxd5 Nxd5 4. e4 Nb6 5. d4 e6 6. Nc3 c6 7. Bd3 N8d7 8. O-O Be7 9. Qe2 Nf8 10. Rd1 Ng6 11.
g3 O-O 12. h4 Re8 13. h5 Nf8 14. h6 g6 15. e5 Nd5 16. Ne4 f5 17. exf6 Nxf6 18.
Bf4 Nd5 19. Be5 Bf6 20. Nxf6+ Nxf6 21. Bc4 N8d7 22. Bf4 Nb6 23. Bb3 Nbd5 24. Bg5 Qe7 25. Ne5 Qf8 26. Rd3 Qd6 27. Rf3 Nh5 28. Re1 b6 29. g4 1-0

[Event "*** SCC Grand Prix: Titled Tuesday Blitz"]
[Site "Chess.com"]
[Date "2020.08.11"]
[Round "3"]
[White "Sekar24"]
[Black "GMJustin"]
[Result "1-0"]
[WhiteElo "2516"]
[BlackElo "2285"]
[TimeControl "180+1"]
[EndTime "10:28:54 PDT"]
[Termination "Sekar24 won on time"]

1. e4 e5 2. Nf3 Nc6 3. Bb5 a6 4.
Ba4 b5 5. Bb3 Na5 6. Nxe5 Nxb3 7.
axb3 Qe7 8. d4 d6 9. Nf3 Qxe4+ 10. Be3 Nf6 11. O-O Be7 12. Re1 Qc6 13. Bg5 Bg4 14. Nbd2 Qd7 15. Qe2 Kf8 16. h3 Bh5 17. c4 c6 18. Qd3 h6 19. Be3 g5 20. Nh2 Bg6 21. Qc3 Kg7 22. d5 cxd5 23. Bd4 1-0

[Event "*** SCC Grand Prix: Titled Tuesday Blitz"]
[Site "Chess.com"]
[Date "2020.08.11"]
[Round "3"]
[White "bugbug01052018"]
[Black "Mikhal867"]
[Result "0-1"]
[WhiteElo "2171"]
[BlackElo "2367"]
[TimeControl "180+1"]
[EndTime "10:28:54 PDT"]
[Termination "Mikhal867 won by resignation"]

1. d4 g6 2. c4 Bg7 3. Nf3 d6 4.
g3 Nd7 5. Bg2 e5 6. dxe5 dxe5 7.
O-O Ngf6 8. Nc3 c6 9. Bg5 O-O 10.
Qc2 h6 11. Be3 Re8 12. Rad1 Qe7 13. a3 a5 14. Nd2 Nc5 15. Nb3 Ne6 16. c5 a4 17. Nc1 Nxc5 18. Bxc5 Qxc5 19. Nd3 Qa5 20. e4 Be6 21. Qe2 Bc4 22. Qe3 Nd7 23. Rfe1 Bb3 24. Rc1 Nb6 25. Nb1 Nc4 26. Qe2 Rad8 27. Nb4 Nd6 28.
Nd2 Nb5 29. Nxb3 axb3 30. Qc4 Nd4 31. Red1 Bf8 32. Bf1 Bxb4 33. axb4 Qa2 34. Qc3 b5 35. Ra1 Ra8 36. Rxa2 bxa2 37. Ra1 Red8 38. Kg2 g5 39. b3 Ra3 40. Qb2 Rda8 41. Qc1 Nxb3 42. Qb2 Nxa1 43. Qxa1 Rb3 0-1

[Event "*** SCC Grand Prix: Titled Tuesday Blitz"]
[Site "Chess.com"]
[Date "2020.08.11"]
[Round "3"]
[White "AleksanderHnydiuk"]
[Black "Ladislav1969"]
[Result "1-0"]
[WhiteElo "2559"]
[BlackElo "2338"]
[TimeControl "180+1"]
[EndTime "10:28:56 PDT"]
[Termination "AleksanderHnydiuk won on time"]

1. e4 c5 2. Nf3 e6 3. d4 cxd4 4. Nxd4 a6 5. Bd3 Nc6 6. Nxc6 dxc6 7. Nd2 e5 8. Nc4 Nf6 9. a4 Be6 10. O-O Bxc4 11. Bxc4 Qxd1 12. Rxd1 Nxe4 13. Re1 f5 14. f3 Bc5+ 15. Kf1 Bb4 16. c3 Nxc3 17. Rxe5+ Kd7 18. Rxf5 Nd5 19. Bxd5 cxd5 20. Rxd5+ Kc6 21. Rd1 Rhe8 22. Bf4 Re6 23. Rac1+ Kb6 24. Bc7+ Ka7 25. a5 Rae8 26. Bb6+ Kb8 27. Rc4 Bd6 28. Rcd4 Bc7 29.
Bxc7+ Kxc7 30. Rd7+ Kc6 31. Rxg7 Re2 32. Rc1+ 1-0

[Event "*** SCC Grand Prix: Titled Tuesday Blitz"]
[Site "Chess.com"]
[Date "2020.08.11"]
[Round "3"]
[White "Andrii_Prydun"]
[Black "TudorAnton"]
[Result "1-0"]
[WhiteElo "2358"]
[BlackElo "2553"]
[TimeControl "180+1"]
[EndTime "10:28:57 PDT"]
[Termination "Andrii_Prydun won by resignation"]

1. d4 Nf6 2. Nc3 d5 3. Bf4 Bf5 4. f3 e6 5. g4 Bg6 6. h4 h5 7. g5 Nfd7 8. e3 Bb4 9. Bd3 Nf8 10. Ne2 Nbd7 11. a3 Bd6 12. Bxd6 cxd6 13. Nf4 Qb6 14. Nxg6 Nxg6 15. Bxg6 fxg6 16. Qd3 Nf8 17. Kf2 Rc8 18.
Rab1 Kf7 19. Ne2 Qc6 20. Rhc1 Qc4 21. Nf4 Qxd3 22. Nxd3 Nd7 23. c3 a6 24. e4 dxe4 25.
fxe4 Ke7 26. Ke3 Nb6 27. Nf4 Nc4+ 28. Kd3 Kf7 29. Rf1 Rhd8 30. Nxh5+ Kg8 31. Nf4 e5 32. Nxg6 Rc7 33. d5 Rdc8 34. Ke2 b5 35. Rf3 a5 36. h5 a4 37. Rbf1 1-0